 Dungeon Crawl Stone Soup version 0.30-a0-800-g7c544603b3 (webtiles) character file.

Game seed: 11303856333233244733

569 tio the Grave Robber (level 7, 0/47 HPs)
             Began as a Human Necromancer on Feb 22, 2023.
             Was an Initiate of Yredelemnul.
             Succumbed to a scorpion's poison
             ... on level 5 of the Dungeon.
             The game lasted 00:33:52 (5446 turns).

tio the Grave Robber (Human Necromancer)            Turns: 5446, Time: 00:33:53

Health: 0/47       AC:  5    Str:  4 (10) XL:     7   Next: 60%
Magic:  12/13      EV: 11    Int: 13 (15) God:    Yredelemnul [......]
Gold:   216        SH:  2    Dex:  6 (14) Spells: 13/15 levels left

rFire   + . .      SeeInvis .    i - +3 short sword (heavy)
rCold   . . .      Faith    .    g - +0 buckler
rNeg    . . .      Spirit   .    a - +0 robe
rPois   .          Reflect  .    e - +0 helmet
rElec   .          Harm     .    r - +0 cloak
rCorr   .          Rampage  .    (no gloves)
Will    .....                    p - +0 pair of boots
Stlth   ++                       (no amulet)
HPRegen 0.27/turn                o - ring of protection from fire
MPRegen 0.13/turn                (no ring)

@: lethally poisoned (0 -> -7), very slow
A: no striking features
a: Renounce Religion, Recall Undead Harvest


You were on level 5 of the Dungeon.
You worshipped Yredelemnul.
Yredelemnul was noncommittal.
You visited 2 branches of the dungeon, and saw 6 of its levels.

You collected 216 gold pieces.

Inventory:

Hand Weapons
 c - a +0 dagger
 i - a +3 heavy short sword (weapon)
Armour
 a - a +0 robe (worn)
 d - a +0 ring mail
 e - a +0 helmet (worn)
 g - a +0 buckler (worn)
 l - an orb of mayhem
 p - a +0 pair of boots (worn)
 r - a +0 cloak (worn)
Jewellery
 o - a ring of protection from fire (left hand)
Scrolls
 q - 2 scrolls of teleportation
Potions
 b - a potion of magic
 f - 3 potions of degeneration
 h - a potion of flight {unknown}
 j - a potion of attraction
 k - a potion of haste
 m - 2 potions of ambrosia


   Skills:
 + Level 0.6 Fighting
 + Level 1.8 Short Blades
 + Level 0.1 Axes
 + Level 2.3 Dodging
 + Level 3.0 Stealth
 + Level 0.4 Shields
 + Level 4.6 Spellcasting
 + Level 1.1 Summonings
 + Level 6.0 Necromancy


You had 13 spell levels left.
You knew the following spells:

 Your Spells              Type           Power      Damage    Failure   Level
a - Necrotise             Necr           72%        1d7       2%          1
b - Summon Small Mammal   Summ           20%        N/A       17%         1

Your spell library contained the following spells:

 Spells                   Type           Power      Damage    Failure   Level
 Vampiric Draining        Necr           18%        2d7       6%          3
 Magic Dart               Conj           12%        1d3       26%         1
 Sandblast                Erth           6%         2d5       26%         1
 Passwall                 Tmut/Erth      2%         N/A       38%         2
 Searing Ray              Conj           6%         2d4       38%         2
 Call Canine Familiar     Summ           5%         N/A       45%         3
 Agony                    Necr           18%        N/A       52%         5
 Summon Guardian Golem    Hex/Summ       4%         N/A       54%         3
 Ignite Poison            Fire/Tmut/Pois 3%         N/A       63%         3
 Kindle Blastsparks       Fire/Tloc/Air  6%         2d10      63%         3
 Ozocubu's Armour         Ice            3%         N/A       63%         3
 Stone Arrow              Conj/Erth      6%         3d7       63%         3
 Animate Armour           Summ/Erth      8%         N/A       91%         4
 Fulminant Prism          Conj/Hex       1%         3d5       95%         4
 Blade Hands              Tmut           1%         N/A       100%        5
 Freezing Cloud           Conj/Ice/Air   1%         6-21      100%        5
 Iron Shot                Conj/Erth      1%         9d1       100%        6
 Ozocubu's Refrigeration  Ice            1%         4d7       100%        7
 Animate Dead             Necr           Unusable   N/A       N/A         4

Dungeon Overview and Level Annotations

Branches:
Dungeon (5/15)             Temple (1/1) D:4

Altars:
Ashenzari
Cheibriados
Dithmenos
Gozag
Makhleb
Nemelex Xobeh
Trog
Uskayaw
Wu Jian
Xom
Yredelemnul
Zin


Message History

You hit the scorpion.
The scorpion is moderately wounded.
You feel very sick. The scorpion stings you!
You are more poisoned.
The scorpion poisons you!
Your jelly zombie hits the scorpion.
Your magical contamination has completely faded away.
You hit the scorpion.
The scorpion is heavily wounded.
You hit the scorpion but do no damage.
The scorpion is heavily wounded.
You barely miss the scorpion.
The scorpion is heavily wounded.
You feel extremely sick. The scorpion stings you.
You are lethally poisoned!
The scorpion poisons you! The scorpion misses you.
Your jelly zombie hits the scorpion but does no damage.
The scorpion stings you.
* * * LOW HITPOINT WARNING * * *
Your jelly zombie barely misses the scorpion.
Unknown command.
* * * LOW HITPOINT WARNING * * *
You feel very sick.
The scorpion stings you but does no damage. x2
Your jelly zombie hits the scorpion but does no damage.
* * * LOW HITPOINT WARNING * * *
You feel very sick.
Your jelly zombie barely misses the scorpion.
The scorpion stings you but does no damage.
You hit the scorpion.
The scorpion is severely wounded.
* * * LOW HITPOINT WARNING * * *
You feel very sick.
The scorpion stings you but does no damage.
Your jelly zombie barely misses the scorpion.
You hit the scorpion.
The scorpion is almost dead.
You die...
Your body rises from the dead as a mindless zombie.

#.#####.####....
#.......(.......
#######.#.......
#.######.......###
.<.............#
##.......####.####
#...............#
#..####.#sZ...#.#
#. #.#@##..# #
#.#.# .# ..#.# #
###.# ... #.# ...
#.#


You could see a scorpion (ally target) and a friendly jelly zombie.

Vanquished Creatures
  A kobold brigand (D:5)
  A phantom (D:4)
  A hound (D:4)
  2 orc priests (D:4)
  A jelly (D:5)
  An orc wizard (D:3)
  9 adders
  4 worms (D:2)
  A dart slug (D:3)
  16 orcs
  5 endoplasms
  2 giant cockroaches (D:3)
  12 hobgoblins
  3 jackals (D:1)
  3 quokkas
  6 ball pythons
  7 bats
  2 frilled lizards (D:1)
  5 goblins
  11 kobolds
  3 rats
96 creatures vanquished.

Vanquished Creatures (collateral kills)
  An ogre (D:4)
  2 orcs (D:4)
  An endoplasm (D:1)
  A goblin (D:1)
  A quokka (D:1)
  2 ball pythons (D:1)
  A rat (D:1)
9 creatures vanquished.

Vanquished Creatures (others)
  2 orcs (D:4)
  An endoplasm (D:4)
3 creatures vanquished.

Grand Total: 108 creatures vanquished

Notes
Turn   | Place    | Note
-------+----------+-------------------------------------------
     0 | D:1      | tio the Human Necromancer began the quest for the Orb.
     0 | D:1      | Reached XP level 1. HP: 13/13 MP: 3/3
   240 | D:1      | Reached XP level 2. HP: 19/19 MP: 0/5
   574 | D:1      | Reached XP level 3. HP: 24/24 MP: 4/6
  1391 | D:2      | Reached XP level 4. HP: 30/30 MP: 4/8
  1441 | D:2      | Reached skill level 5 in Necromancy
  1788 | D:2      | Found a broken altar of Ashenzari.
  2254 | D:3      | Found a faded altar of an unknown god.
  2474 | D:3      | Reached XP level 5. HP: 35/35 MP: 5/9
  2758 | D:3      | Found a shadowy altar of Dithmenos.
  2873 | D:3      | Reached skill level 1 in Short Blades
  3668 | D:4      | Noticed a phantom
  3682 | D:4      | Killed a phantom
  3683 | D:4      | Reached XP level 6. HP: 34/42 MP: 11/11
  3758 | D:4      | Found a staircase to the Ecumenical Temple.
  3787 | D:4      | HP: 2/42 [orc priest/+0 hand axe (4)]
  3972 | Temple   | Entered the Ecumenical Temple
  4024 | Temple   | Became a worshipper of Cheibriados the Contemplative
  4072 | D:4      | Was placed under penance by Cheibriados
  4198 | D:4      | Learned a level 1 spell: Summon Small Mammal
  4345 | D:4      | Noticed an ogre
  4357 | D:4      | Killed an ogre
  4358 | D:4      | Reached XP level 7. HP: 47/47 MP: 3/13
  4422 | D:4      | Was forgiven by Cheibriados
  4449 | D:4      | Fell from the grace of Cheibriados
  4840 | D:4      | Reached skill level 1 in Summonings
  5069 | D:4      | Found an ornate altar of the Wu Jian Council.
  5151 | Temple   | Became a worshipper of Cheibriados the Contemplative
  5193 | D:5      | Entered Level 5 of the Dungeon
  5272 | Temple   | Fell from the grace of Cheibriados
  5272 | Temple   | Became a worshipper of Yredelemnul the Dark
  5321 | D:5      | Reached skill level 6 in Necromancy
  5445 | D:5      | HP: 1/47 [poisoned by a scorpion]
  5446 | D:5      | Succumbed to a scorpion's poison

Illustrated notes

Levels and vault maps discovered:
D:1:      dpeg_arrival_rooms_with_view, layout_loops_cross, minmay_tetromino_t4
D:2:      layout_basic, basic_altar
D:3:      layout_basic, nicolae_dithmenos_through_a_glass_darkly,
          nicolae_ecumenical_pavilion
D:4:      layout_loops_corners, marbit_many_paths,
          minmay_temple_entry_large_hall, serial_bayou_crossing
D:5:      layout_basic, mainiacjoe_overflow_boulevard,
          minmay_fractal_squares_diagonal_5
Temple:   nicolae_temple_ecumenical_triangle

Skill      XL: |  1  2  3  4  5  6  7 |
---------------+----------------------+-----
Necromancy     | 5 6 |  6.0
Spellcasting   | 3 4 |  4.6
Short Blades   | 1 |  1.8
Summonings     | 1 |  1.1
Stealth        | 3 |  3.0
Fighting       | |  0.6
Axes           | |  0.1
Dodging        | |  2.3
Shields        | |  0.4

Action                     |  1- 3 |  4- 6 |  7- 9 || total
---------------------------+-------+-------+-------++-------
  Melee: Dagger            |    15 |       |       ||    15
         Short sword       |    20 |    56 |    13 ||    89
         War axe           |       |     8 |       ||     8
   Cast: Necrotise         |    55 |    85 |    35 ||   175
         Summon Small Mamm |       |    10 |       ||    10
    Use: Scroll            |     3 |     9 |     2 ||    14
         Potion            |       |     6 |       ||     6
 Armour: Robe              |     5 |    23 |     8 ||    36
  Dodge: Dodged            |    26 |    73 |    15 ||   114
  Block: Buckler           |       |    10 |       ||    10

Table legend: (Time is in decaauts)
 A = Elapsed time spent in this place.
 B = Non-inter-level travel time spent in this place.
 C = Inter-level travel time spent in this place.
 D = Time resting spent in this place.
 E = Time spent auto-exploring this place.
 F = Levels seen in this place.
 G = Mean time per level.
                   A        B        C        D        E       F      G
               +--------+--------+--------+--------+--------+-----+--------+
         Total |   5720 |   4951 |    769 |      0 |   4138 |   6 |  953.3 |
       Dungeon |   5547 |   4898 |    649 |      0 |   4113 |   5 | 1109.4 |
        Temple |    172 |     52 |    120 |      0 |     25 |   1 |  172.0 |
               +--------+--------+--------+--------+--------+-----+--------+

Top non-repeatable levels by time:
     D:4: 1727 daAuts
     D:1: 1363 daAuts
     D:3: 1161 daAuts
     D:2: 1107 daAuts
     D:5: 187 daAuts
  Temple: 172 daAuts
